 Dungeon Sprint DCSS version 0.22-a0-367-gb72a975701 (webtiles) character file.

3600 KillingSpree the Carver (level 9, -5/135 HPs)
             Began as a Centaur Berserker on Apr 22, 2018.
             Was a High Priest of Trog.
             Slain by an eight-headed hydra (7 damage)
             ... in the Dungeon (Sprint IX: "|||||||||||||||||||||||||||||").
             The game lasted 00:01:30 (689 turns).

KillingSpree the Carver (Centaur Berserker)          Turns: 689, Time: 00:01:31

Health: -5/135     AC: 14    Str: 25    XL:     9   Next: 85%
Magic:  8/9        EV:  7    Int:  6    God:    Trog [*****.]
Gold:   0          SH:  0    Dex: 15    Spells: 8/8 levels left

rFire    . . .     SeeInvis .   m - +2 scimitar (holy)
rCold    . . .     Gourm    .   (no shield)
rNeg     . . .     Faith    .   o - +0 plate armour
rPois    .         Spirit   .   n - +0 helmet
rElec    .         Reflect  .   (no cloak)
rCorr    .         Harm     .   (no gloves)
MR       .....     Rnd*Rage +   (no barding) Stlth ..........NoTele +
                                (no amulet)
HPRegen  0.32/turn              p - +2 ring of protection
MPRegen  0.11/turn              q - +3 ring of dexterity

@: berserking (expiring), very quick
A: large, hooves 3, berserk 1, deformed body, deterioration 1, speed 2, tough
skin 3, MP-powered wands
a: Berserk, Trog's Hand, Brothers in Arms, Renounce Religion


You were in the Dungeon.
You worshipped Trog.
Trog was extremely pleased with you.
You were near starving.

You visited 1 branch

Inventory:

Hand Weapons
 a - a +0 falchion
 h - a +1 antimagic bardiche
 m - a +2 scimitar of holy wrath (weapon)
Armour
 b - a +0 animal skin
 n - a +0 helmet (worn)
 o - a +0 plate armour (worn)
Jewellery
 p - a +2 ring of protection (left hand)
 q - a +3 ring of dexterity (right hand)
Wands
 l - a wand of acid (10)
Scrolls
 i - 4 scrolls of blinking
 k - 3 scrolls of remove curse
 u - 2 scrolls of fog
 v - 2 scrolls of fear
Potions
 d - 6 potions of curing
 e - 3 potions of heal wounds
 f - a potion of haste
 g - 4 potions of magic
 j - a potion of invisibility
 r - a potion of berserk rage
 s - a potion of might
 t - a potion of brilliance
Comestibles
 c - a ration


   Skills:
 + Level 12.2 Fighting
 + Level 14.8 Long Blades
 + Level 7.2 Armour
 + Level 4.2 Dodging


You had 8 spell levels left.
You didn't know any spells.

Dungeon Overview and Level Annotations

Branches:
Dungeon (1/1)

Altars:
Cheibriados
Dithmenos
Elyvilon
Fedhas
Gozag
Hepliaklqana
Kikubaaqudgha
Makhleb
Nemelex Xobeh
Okawaru
Qazlal
Ru
Sif Muna
Trog
Uskayaw
Vehumet
Wu Jian
Xom
Yredelemnul
Zin
The Shining One
Beogh
Jiyva
Lugonu


Innate Abilities, Weirdness & Mutations

You have hooves in place of feet.
Armour fits poorly on your strangely shaped body.
You cover ground very quickly.
You have extremely tough skin. (AC +3)
You tend to lose your temper in combat.
Your body sometimes deteriorates upon taking damage.
You expend magic power (3 MP) to strengthen your wands.


Message History

The seven-headed hydra closely misses you.
The seven-headed hydra barely misses you.
The seven-headed hydra bites you!
* * * LOW HITPOINT WARNING * * *
The seven-headed hydra bites you but does no damage.
The seven-headed hydra bites you.
* * * LOW HITPOINT WARNING * * *
The seven-headed hydra bites you but does no damage.
You see here a yak corpse.
You slice one of the seven-headed hydra's heads off!
The six-headed hydra grows two more!
You hit the eight-headed hydra.
The eight-headed hydra is lightly wounded.
Unknown command.
Your plate armour prevents you from hitting the eight-headed hydra.
You kick the eight-headed hydra!!
The eight-headed hydra is moderately wounded.
The eight-headed hydra bites you!
* * * LOW HITPOINT WARNING * * *
The eight-headed hydra bites you!
You die...

▓'▓.▓
▓_▓.▓.▓
▓_▓.▓.▓
▓_▓.▓F▓
▓_▓.▓H▓
▓_▓.▓F▓
▓_▓.▓F▓
▓_▓.▓D▓
▓_▓.▓@▓
▓_▓.▓†▓
▓_▓.▓'▓
▓_▓.▓.▓
▓_▓.▓.▓
▓_▓.▓.▓
▓_▓.▓.▓
▓_▓.▓.▓
▓_▓.▓.▓


You could see an eight-headed hydra, a hippogriff and 3 bullfrogs.

Vanquished Creatures
  A hydra (D)
  A manticore (D)
  A black mamba (D)
  A spiny frog (D)
  A gargoyle (D)
  A troll (D)
  2 yaks (D)
  A water moccasin (D)
  3 porcupines (D)
  A phantom (D)
  An eye of draining (D)
  An ogre (D)
  3 crocodiles (D)
  2 bullfrogs (D)
  A hound (D)
  A jelly (D)
  An orc wizard (D)
  A gnoll (D)
  An adder zombie (D)
  A dart slug (D)
  An orc (D)
  A bat zombie (D)
  A goblin (D)
  A hobgoblin (D)
  A quokka (D)
  3 frilled lizards (D)
  A kobold (D)
35 creatures vanquished.

Notes
Turn   | Place    | Note
-------+----------+-------------------------------------------
     0 | D        | KillingSpree the Centaur Berserker began the quest for the Orb.
     0 | D        | Reached XP level 1. HP: 19/19 MP: 1/1
     4 | D        | Reached skill level 3 in Long Blades
     7 | D        | Reached ** piety under Trog
    10 | D        | Reached skill level 4 in Long Blades
    55 | D        | Noticed a jelly
    58 | D        | Reached XP level 2. HP: 26/26 MP: 2/2
    59 | D        | Reached *** piety under Trog
    62 | D        | Reached skill level 5 in Long Blades
    64 | D        | Received a gift from Trog
    64 | D        | Reached skill level 7 in Long Blades
    64 | D        | Reached XP level 3. HP: 31/31 MP: 3/3
   116 | D        | Found a roughly hewn altar of Beogh.
   116 | D        | Found a snail-covered altar of Cheibriados.
   116 | D        | Found a shadowy altar of Dithmenos.
   116 | D        | Found a white marble altar of Elyvilon.
   116 | D        | Found a blossoming altar of Fedhas.
   116 | D        | Found an opulent altar of Gozag.
   117 | D        | Found a hazy altar of Hepliaklqana.
   118 | D        | Found a viscous altar of Jiyva.
   119 | D        | Found an ancient bone altar of Kikubaaqudgha.
   120 | D        | Found a corrupted altar of Lugonu.
   121 | D        | Found a burning altar of Makhleb.
   122 | D        | Found a sparkling altar of Nemelex Xobeh.
   123 | D        | Found an iron altar of Okawaru.
   124 | D        | Found a stormy altar of Qazlal.
   125 | D        | Found a sacrificial altar of Ru.
   126 | D        | Found a deep blue altar of Sif Muna.
   127 | D        | Found a bloodstained altar of Trog.
   128 | D        | Found a hide-covered altar of Uskayaw.
   129 | D        | Found a radiant altar of Vehumet.
   130 | D        | Found an ornate altar of the Wu Jian Council.
   131 | D        | Found a shimmering altar of Xom.
   132 | D        | Found a basalt altar of Yredelemnul.
   133 | D        | Found a glowing silver altar of Zin.
   134 | D        | Found a glowing golden altar of the Shining One.
   179 | D        | Noticed a troll
   179 | D        | Noticed a bullfrog
   183 | D        | Reached **** piety under Trog
   183 | D        | Reached XP level 4. HP: 34/40 MP: 4/4
   185 | D        | Received a gift from Trog
   187 | D        | Killed a bullfrog
   187 | D        | Reached skill level 5 in Fighting
   187 | D        | Reached skill level 8 in Long Blades
   187 | D        | Reached XP level 5. HP: 48/48 MP: 5/5
   191 | D        | Killed a troll
   191 | D        | Reached skill level 10 in Long Blades
   191 | D        | Reached XP level 6. HP: 60/60 MP: 6/6
   280 | D        | Noticed a manticore
   280 | D        | Noticed a gargoyle
   285 | D        | Reached ***** piety under Trog
   288 | D        | Reached XP level 7. HP: 69/69 MP: 0/7
   294 | D        | Killed a gargoyle
   294 | D        | Reached skill level 11 in Long Blades
   301 | D        | Killed a manticore
   301 | D        | Reached skill level 10 in Fighting
   301 | D        | Reached skill level 12 in Long Blades
   301 | D        | Reached XP level 8. HP: 71/79 MP: 1/8
   304 | D        | Received a gift from Trog
   456 | D        | Gained mutation: Your body sometimes deteriorates upon taking damage. [potion of mutation]
   456 | D        | Gained mutation: You tend to lose your temper in combat. [potion of mutation]
   456 | D        | Gained mutation: You expend magic power (3 MP) to strengthen your wands. [potion of mutation]
   604 | D        | Noticed a black mamba
   606 | D        | Noticed a spiny frog
   607 | D        | Received a gift from Trog
   611 | D        | Killed a black mamba
   611 | D        | Reached skill level 13 in Long Blades
   611 | D        | Reached skill level 5 in Armour
   621 | D        | Reached XP level 9. HP: 89/89 MP: 9/9
   626 | D        | Killed a spiny frog
   626 | D        | Reached skill level 14 in Long Blades
   630 | D        | Received a gift from Trog
   672 | D        | Noticed a six-headed hydra
   673 | D        | Noticed a seven-headed hydra
   679 | D        | Killed a ten-headed hydra
   689 | D        | HP: 2/135 [eight-headed hydra (10)]
   689 | D        | Slain by an eight-headed hydra

Vault maps used:
D:        linesprint

Skill      XL: |  1  2  3  4  5  6  7  8  9 |
---------------+----------------------------+-----
Long Blades    | 4 7 8 10 12 13 14 | 14.8
Fighting       | 5 7 8 10 11 12 | 12.2
Armour         | 2 3 4 5 7 |  7.2
Dodging        | 2 3 4 |  4.2

Action                   |  1- 3 |  4- 6 |  7- 9 || total
-------------------------+-------+-------+-------++-------
Melee: Falchion          |    18 |       |       ||    18
       Kick              |     3 |     7 |    29 ||    39
       Scimitar          |     4 |    16 |    56 ||    76
Invok: Berserk           |       |     2 |     2 ||     4
  Use: Potion            |     1 |       |     1 ||     2
  Eat: Chunk             |       |       |     1 ||     1
Armor: Animal skin       |     6 |       |       ||     6
       Plate armour      |     2 |     8 |    27 ||    37
Dodge: Dodged            |     1 |     2 |     7 ||    10
       Rpst.: Falchion   |     1 |       |       ||     1
       Scimitar          |       |       |     1 ||     1

Table legend:
 A = Spawn XP
 B = Non-spawn XP
 C = Spawn XP percentage of total XP
 D = Spawn monster count
 E = Non-spawn monster count
 F = Spawn count percentage of total count
 G = Total turns spent on level
                    A         B        C        D         E        F      G
               +---------+---------+-------+---------+---------+-------+---------
         Total |       0 |    5143 |   0.0 |       0 |      35 |   0.0 |   689
               +---------+---------+-------+---------+---------+-------+---------
             D |       0 |    5143 |   0.0 |       0 |      35 |   0.0 |   689
               +---------+---------+-------+---------+---------+-------+---------
